 Dungeon Sprint DCSS version 0.17-a0-18-gc25b939 (webtiles) character file.

6700000 BluebellGnoll the Intangible (level 25, -35/163 HPs)
             Began as a Spriggan Warper on Mar 12, 2015.
             Was the Champion of Makhleb.
             Annihilated by a large bag of meat
             ... wielding a +9 giant spiked club
              (98 damage)
             ... in the Dungeon (Sprint VIII: "Arena of Blood").
             The game lasted 00:04:37 (67 turns).

BluebellGnoll the Intangible (Spriggan Warper)        Turns: 67, Time: 00:04:37

Health: -35/163    AC:  4    Str:  7    XL:     25   Next: 28%
Magic:  20/50      EV: 45    Int: 16    God:    Makhleb [******]
Gold:   0          SH:  0    Dex: 26    Spells: 1 memorised, 77 levels left

rFire  . . .     SeeInvis +     l - +∞ Axe of Woe
rCold  . . .     Clarity  .     b - +0 robe
rNeg   . . .     SustAb   .     (shield restricted)
rPois  .         Gourm    .     (helmet restricted)
rElec  .         Spirit   .     (no cloak)
rCorr  .         Warding  .     (gloves unavailable)
rMut   .         NoTele   +     (boots unavailable)
MR     ++++.                    (no amulet)
Stlth  ++++++++++               (no ring)
                                (no ring)

@: marked, very quick, incredibly resistant to hostile enchantments, uncannily
stealthy
A: unfitting armour, see invisible, herbivore 3, speed 3, slow metabolism 2
a: Minor Destruction, Lesser Servant of Makhleb, Major Destruction, Greater
Servant of Makhleb, Renounce Religion


You were in the Dungeon.
You worshipped Makhleb.
Makhleb was exalted by your worship.
You were not hungry.

You visited 1 branch

Inventory:

Hand weapons
 a - a +0 hand axe
 l - the +∞ Axe of Woe (weapon)
   (You found it in the Dungeon)
Missiles
 e - 5 tomahawks of dispersal (quivered)
Armour
 b - a +0 robe (worn)
Scrolls
 d - 2 scrolls of blinking
Potions
 g - a potion of curing
 h - a potion of heal wounds
 i - a potion of haste
 j - 2 potions of magic
 k - a potion of berserk rage
Books
 c - a book of Spatial Translocations

   Spells                             Type                      Level
   a - Apportation                    Translocation                1
   b - Blink                          Translocation                2
   c - Shroud of Golubria             Charms/Translocation         2
   d - Portal Projectile              Translocation                3
   e - Teleport Other                 Translocation                3
   f - Passage of Golubria            Translocation                4
Comestibles
 f - a bread ration


   Skills:
 O Level 27 Fighting
 O Level 27 Axes
 O Level 27 Throwing
 O Level 27 Armour
 O Level 27 Dodging
 O Level 27 Stealth
 O Level 27 Unarmed Combat
 O Level 27 Spellcasting
 O Level 27 Translocations
 O Level 27 Invocations


You had 77 spell levels left.
You knew the following spells:

 Your Spells              Type           Power        Failure   Level  Hunger
a - Apportation           Tloc           #######...   0%          1    None


Dungeon Overview and Level Annotations

Branches:
Dungeon (1/1)

Altars:
Makhleb

Annotations:
D The Captor


Innate Abilities, Weirdness & Mutations

You are tiny and cannot use many weapons and most armour.
You have supernaturally acute eyesight.
You are a herbivore.
You cover ground extremely quickly.
You need consume almost no food.


Message History

A bag of meat comes into view. It is wielding a +9 war axe.
There is a web here.
The web tears apart.
The meat beast roars, "Abandon hope, thou infectious rude-growing pumpion!"
You hear a shout! x4
The Captor casts a spell at you.
You barely resist.
You hear a shout!
The accursed casts a spell at you. Something smites you!
The meat berserker hits you with a +9 battleaxe!!!
You hear a shout! x3
The accursed points at you and mumbles some strange words.
Something smites you!
You hear a shout!
The small abomination is engulfed in roaring flames.
The Captor completely misses you.
The large bag of meat hits you with a +9 giant spiked club!!!!
Ouch! That really hurt!
You die...

oo.#......o.......
###.o.#.............
###..O...#............
#...%.....%............
WooO.#.........)))......
Oo..2.#.%.....x#.).....#
..o....x.#.....#))o....#
..OM...#zC))XX###.......#
#....2@z2ox).M.C.###...
##...O@2)#§V)XV%%._....
#....M#§..z.X.#%....#.
W..###...%......#_.<._#
.. ....#.O%.%..#.....#
O......#.%%....._....
........%%%...###...
..........###... ..#
........ #... ..#


You could see 3 accurseds, a tentacled monstrosity, 2 meat beasts, a reaper, 2
destroyers, 3 sculptors of flesh, a large bag of meat (inner flame), 3 large
abominations, 2 dreads, The Captor, 5 meat berserkers, a small abomination and 8
bags of meat.

Vanquished Creatures
  A greater mummy (D)
  A hell beast (D)
  4 hill giants (D)
  15 ogres (D)
  50 orcs (D)
  A skeletal warrior (D)
  10 vampire knights (D)
  3 small abominations (D)
  2 large abominations (D)
  5 crawling corpses (D)
92 creatures vanquished.

Vanquished Creatures (others)
  5 crawling corpses (D)
5 creatures vanquished.

Grand Total: 97 creatures vanquished

Notes
Turn   | Place    | Note
--------------------------------------------------------------
     0 | D        | BluebellGnoll, the Spriggan Warper, began the quest for the Orb.
     0 | D        | Reached XP level 1. HP: 10/10 MP: 4/4
     3 | D        | Noticed a bag of meat
     4 | D        | Became a worshipper of Makhleb the Destroyer
     5 | D        | Noticed a meat berserker
     6 | D        | Noticed a bag of meat
     6 | D        | Noticed a meat berserker
     8 | D        | Noticed a bag of meat
     8 | D        | Noticed a meat berserker
     8 | D        | Noticed a bag of meat
     9 | D        | Noticed a bag of meat
     9 | D        | Noticed a bag of meat
     9 | D        | Noticed a bag of meat
     9 | D        | Noticed a meat berserker
    12 | D        | Noticed a bag of meat
    12 | D        | Noticed a bag of meat
    13 | D        | Killed a meat berserker
    13 | D        | Reached skill level 24 in Dodging
    13 | D        | Reached XP level 2. HP: 14/14 MP: 6/15
    13 | D        | Reached XP level 3. HP: 18/18 MP: 7/19
    13 | D        | Reached XP level 4. HP: 22/22 MP: 8/22
    13 | D        | Reached XP level 5. HP: 25/25 MP: 8/24
    13 | D        | Reached XP level 6. HP: 30/30 MP: 8/26
    13 | D        | Reached XP level 7. HP: 33/33 MP: 8/28
    13 | D        | Reached XP level 8. HP: 37/37 MP: 8/29
    13 | D        | Reached XP level 9. HP: 41/41 MP: 8/31
    13 | D        | Reached XP level 10. HP: 46/46 MP: 8/32
    13 | D        | Reached XP level 11. HP: 49/49 MP: 8/33
    14 | D        | Noticed a bag of meat
    14 | D        | Noticed a bag of meat
    14 | D        | Noticed a bag of meat
    14 | D        | Noticed a meat berserker
    14 | D        | Noticed a meat berserker
    14 | D        | Killed a meat berserker
    14 | D        | Acquired Makhleb's first power
    14 | D        | Reached skill level 1 in Armour
    14 | D        | Reached skill level 25 in Dodging
    14 | D        | Reached XP level 12. HP: 6/58 MP: 8/35
    14 | D        | Killed a meat berserker
    14 | D        | Reached skill level 5 in Fighting
    14 | D        | Reached skill level 5 in Axes
    14 | D        | Reached XP level 13. HP: 6/65 MP: 8/36
    14 | D        | Killed a meat berserker
    14 | D        | Acquired Makhleb's second power
    14 | D        | Reached skill level 26 in Dodging
    14 | D        | Killed a bag of meat
    14 | D        | Reached skill level 27 in Dodging
    14 | D        | Reached XP level 14. HP: 68/72 MP: 8/37
    14 | D        | Killed a bag of meat
    14 | D        | Acquired Makhleb's third power
    14 | D        | Reached skill level 5 in Throwing
    15 | D        | Noticed a bag of meat
    15 | D        | Killed a bag of meat
    15 | D        | Reached skill level 10 in Axes
    15 | D        | Reached XP level 15. HP: 36/79 MP: 8/38
    15 | D        | Killed a bag of meat
    15 | D        | Acquired Makhleb's fourth power
    15 | D        | Reached skill level 10 in Fighting
    15 | D        | Reached skill level 15 in Spellcasting
    15 | D        | Reached skill level 27 in Translocations
    15 | D        | Killed a bag of meat
    16 | D        | Killed a meat berserker
    16 | D        | Killed a bag of meat
    16 | D        | Reached XP level 16. HP: 88/90 MP: 9/42
    16 | D        | Killed a bag of meat
    16 | D        | Acquired Makhleb's fifth power
    17 | D        | Noticed a bag of meat
    17 | D        | Noticed a bag of meat
    17 | D        | Killed a meat berserker
    17 | D        | Reached skill level 15 in Axes
    17 | D        | Reached skill level 5 in Armour
    17 | D        | Reached skill level 27 in Invocations
    17 | D        | Killed a bag of meat
    17 | D        | Reached skill level 15 in Fighting
    17 | D        | Killed a bag of meat
    17 | D        | Reached XP level 17. HP: 98/100 MP: 9/44
    18 | D        | Noticed a bag of meat
    18 | D        | Noticed a bag of meat
    19 | D        | Noticed a bag of meat
    19 | D        | Noticed a bag of meat
    19 | D        | Noticed a bag of meat
    19 | D        | Killed a bag of meat
    19 | D        | Killed a bag of meat
    20 | D        | Noticed a meat berserker
    20 | D        | Noticed a bag of meat
    20 | D        | Killed a bag of meat
    20 | D        | Reached skill level 10 in Throwing
    21 | D        | Noticed a bag of meat
    21 | D        | Noticed a bag of meat
    21 | D        | Noticed a bag of meat
    22 | D        | Noticed a large bag of meat
    22 | D        | Noticed a bag of meat
    23 | D        | Noticed a large bag of meat
    26 | D        | Killed a bag of meat
    27 | D        | Noticed a destroyer
    28 | D        | Noticed a bag of meat
    28 | D        | Killed a bag of meat
    28 | D        | Reached XP level 18. HP: 109/112 MP: 11/46
    29 | D        | Noticed a bag of meat
    29 | D        | Noticed a bag of meat
    29 | D        | Noticed a destroyer
    29 | D        | Noticed a meat berserker
    29 | D        | Killed a bag of meat
    29 | D        | Reached skill level 27 in Spellcasting
    29 | D        | Killed a bag of meat
    30 | D        | Killed a destroyer
    30 | D        | Killed a meat berserker
    31 | D        | Noticed a meat berserker
    31 | D        | Noticed a bag of meat
    31 | D        | Noticed a bag of meat
    32 | D        | Noticed a bag of meat
    32 | D        | Noticed a meat berserker
    33 | D        | Noticed a meat berserker
    33 | D        | Killed a meat berserker
    34 | D        | Noticed a bag of meat
    34 | D        | Noticed a bag of meat
    34 | D        | Noticed a bag of meat
    34 | D        | Noticed a bag of meat
    35 | D        | Noticed a bag of meat
    35 | D        | Noticed a destroyer
    35 | D        | Killed a bag of meat
    35 | D        | Reached skill level 27 in Axes
    35 | D        | Reached XP level 19. HP: 121/124 MP: 12/47
    36 | D        | Noticed a bag of meat
    36 | D        | Noticed a bag of meat
    36 | D        | Noticed a bag of meat
    36 | D        | Killed a meat berserker
    36 | D        | Killed a bag of meat
    36 | D        | Reached skill level 10 in Armour
    36 | D        | Killed a bag of meat
    36 | D        | Reached skill level 15 in Throwing
    37 | D        | Noticed a bag of meat
    37 | D        | Noticed a large bag of meat
    37 | D        | Killed a meat berserker
    37 | D        | Reached skill level 27 in Fighting
    37 | D        | Noticed a bag of meat
    38 | D        | Noticed a destroyer
    38 | D        | Noticed a large bag of meat
    38 | D        | Noticed a destroyer
    38 | D        | Killed a large bag of meat
    38 | D        | Killed a bag of meat
    38 | D        | Reached skill level 15 in Armour
    38 | D        | Reached XP level 20. HP: 137/137 MP: 13/48
    38 | D        | Killed a bag of meat
    38 | D        | Killed a bag of meat
    39 | D        | Noticed a destroyer
    39 | D        | Noticed a bag of meat
    39 | D        | Noticed a destroyer
    39 | D        | Killed a bag of meat
    39 | D        | Killed a meat berserker
    39 | D        | Killed a large bag of meat
    40 | D        | Noticed a bag of meat
    40 | D        | Noticed a bag of meat
    40 | D        | Noticed a bag of meat
    40 | D        | Killed a bag of meat
    40 | D        | Reached skill level 27 in Throwing
    40 | D        | Killed a bag of meat
    40 | D        | Killed a bag of meat
    40 | D        | Reached XP level 21. HP: 142/142 MP: 13/48
    40 | D        | Killed a bag of meat
    41 | D        | Noticed a meat berserker
    41 | D        | Noticed a destroyer
    41 | D        | Killed a bag of meat
    41 | D        | Killed a destroyer
    41 | D        | Reached skill level 27 in Armour
    42 | D        | Killed a bag of meat
    42 | D        | Killed a bag of meat
    42 | D        | Reached skill level 10 in Unarmed Combat
    43 | D        | Noticed a destroyer
    43 | D        | Killed a bag of meat
    43 | D        | Killed a bag of meat
    43 | D        | Killed a bag of meat
    43 | D        | Killed a bag of meat
    43 | D        | Reached skill level 27 in Stealth
    43 | D        | Reached XP level 22. HP: 148/148 MP: 14/49
    44 | D        | Noticed a destroyer
    44 | D        | Killed a bag of meat
    45 | D        | Noticed a bag of meat
    45 | D        | Noticed a sculptor of flesh
    45 | D        | Killed a bag of meat
    45 | D        | Killed a destroyer
    45 | D        | Killed a bag of meat
    45 | D        | Killed a destroyer
    46 | D        | Noticed a bag of meat
    46 | D        | Noticed a meat berserker
    46 | D        | Killed a large bag of meat
    46 | D        | Reached skill level 27 in Unarmed Combat
    46 | D        | Killed a bag of meat
    46 | D        | Killed a bag of meat
    46 | D        | Killed a bag of meat
    46 | D        | Reached XP level 23. HP: 153/153 MP: 15/49
    47 | D        | Noticed a bag of meat
    47 | D        | Killed a bag of meat
    47 | D        | Killed a bag of meat
    47 | D        | Killed a large bag of meat
    48 | D        | Killed a meat berserker
    48 | D        | Killed a bag of meat
    48 | D        | Killed a destroyer
    49 | D        | Noticed a bag of meat
    49 | D        | Killed a bag of meat
    49 | D        | Killed a destroyer
    50 | D        | Killed a bag of meat
    50 | D        | Killed a destroyer
    50 | D        | Reached XP level 24. HP: 158/158 MP: 16/50
    50 | D        | Killed a destroyer
    51 | D        | Noticed a bag of meat
    51 | D        | Killed a bag of meat
    52 | D        | Killed a meat berserker
    53 | D        | Noticed a sculptor of flesh
    54 | D        | Noticed a large bag of meat
    54 | D        | Killed a destroyer
    54 | D        | Killed a destroyer
    55 | D        | Killed a bag of meat
    56 | D        | Noticed an accursed
    56 | D        | Noticed a meat berserker
    56 | D        | Killed a bag of meat
    57 | D        | Noticed a meat berserker
    58 | D        | Noticed an accursed
    58 | D        | Killed a bag of meat
    59 | D        | Noticed an accursed
    59 | D        | Noticed a bag of meat
    59 | D        | Killed a sculptor of flesh
    60 | D        | Noticed a sculptor of flesh
    60 | D        | Killed a bag of meat
    61 | D        | Noticed a sculptor of flesh
    61 | D        | Noticed a tyrant
    61 | D        | Noticed a meat berserker
    61 | D        | Noticed The Captor
    61 | D        | Noticed a meat beast
    62 | D        | Killed an accursed
    62 | D        | Reached XP level 25. HP: 147/163 MP: 18/50
    63 | D        | Noticed a large bag of meat
    63 | D        | Killed a meat berserker
    63 | D        | Killed a meat beast
    64 | D        | Noticed a meat beast
    64 | D        | Killed a meat berserker
    65 | D        | Noticed a destroyer
    65 | D        | Noticed a meat berserker
    65 | D        | Noticed a destroyer
    66 | D        | Noticed an accursed
    66 | D        | Noticed a meat berserker
    66 | D        | Noticed a meat berserker
    66 | D        | Noticed a bag of meat
    66 | D        | Noticed a meat beast
    66 | D        | Noticed a bag of meat
    66 | D        | Noticed a bag of meat
    66 | D        | Noticed a bag of meat
    67 | D        | Noticed a bag of meat
    67 | D        | Annihilated by a large bag of meat

Action                   |  1- 3 |  4- 6 |  7- 9 | 10-12 | 13-15 | 16-18 | 19-21 | 22-24 | 25-27 || total
-------------------------+-------+-------+-------+-------+-------+-------+-------+-------+-------++-------
Melee: Broad axe         |     1 |       |       |     1 |     2 |     9 |     8 |    17 |     3 ||    41
